[Event "FIDE CB Open 2022"]
[Site "Ceske Budejovice"]
[Date "2022.07.04"]
[Round "4.38"]
[White "Pavlicek, Petr"]
[Black "Vrchotka, Josef"]
[Result "0-1"]
[ECO "B14"]
[WhiteElo "1806"]
[BlackElo "1959"]
[Annotator "RC"]
[PlyCount "64"]
[EventDate "2022.07.01"]
[EventType "swiss"]
[EventCountry "CZE"]
[SourceTitle "playchess.com"]
[Source "ChessBase"]
[SourceQuality "1"]
[TimeControl "40/5400+30:1800+30"]

1. e4 c6 2. d4 d5 3. exd5 cxd5 4. c4 Nf6 5. Nc3 e6 6. Nf3 Nc6 7. c5 Be7 8. Bb5 Bd7 9. Bxc6 Bxc6 10. Ne5 O-O 11. b4 Ne4 12. Nxc6 bxc6 13. Nxe4 dxe4 14. Bb2 a5 15. a3 Qd5 16. O-O axb4 17. axb4 Bf6 18. Qd2 Rxa1 19. Bxa1 e5 20. f3 exf3 21. Rxf3 Ra8 22. Bb2 exd4 23. Qe2 Rd8 24. Rd3 Qc4 25. Ba3 Kf8 26. Qd1 Re8 27. g3 h5 28. Kg2 Qd5+ 29. Kg1 Re4 30. Bc1 Qc4 31. Qd2 Bg5 32. Qxg5 Qxd3 0-1

[Event "FIDE CB Open 2022"]
[Site "Ceske Budejovice"]
[Date "2022.07.04"]
[Round "4.39"]
[White "Wojdyla, Alex"]
[Black "Lang, Simon"]
[Result "1/2-1/2"]
[ECO "E17"]
[WhiteElo "1782"]
[BlackElo "1942"]
[Annotator "NA RC"]
[PlyCount "59"]
[EventDate "2022.07.01"]
[EventType "swiss"]
[EventCountry "CZE"]
[SourceTitle "playchess.com"]
[Source "ChessBase"]
[SourceQuality "1"]
[TimeControl "40/5400+30:1800+30"]

1. Nf3 e6 2. b3 Nf6 3. Bb2 d5 4. d4 b6 5. g3 Bb7 6. Bg2 Be7 7. O-O O-O 8. Nbd2 Nbd7 9. Rc1 c5 10. c4 Rc8 11. Ne5 cxd4 12. Bxd4 Bc5 13. Nxd7 Nxd7 14. Bxc5 Nxc5 15. cxd5 Bxd5 16. b4 Bxg2 17. Kxg2 Nb7 18. Rxc8 Qxc8 19. Qb3 Rd8 20. Nf3 h6 21. Rd1 Rd6 22. Rd3 Rc6 23. Ne5 Rc7 24. h4 Nd8 25. Qa4 Qb7+ 26. Kh2 Nc6 27. Nxc6 Rxc6 28. Rd8+ Kh7 29. Qd1 Rc4 30. Rd4 1/2-1/2

[Event "FIDE CB Open 2022"]
[Site "Ceske Budejovice"]
[Date "2022.07.04"]
[Round "4.40"]
[White "Tsifanskaya, Ludmila A"]
[Black "Rosol, Philip"]
[Result "1-0"]
[ECO "D02"]
[WhiteElo "1941"]
[BlackElo "1741"]
[Annotator "NA RC"]
[PlyCount "48"]
[EventDate "2022.07.01"]
[EventType "swiss"]
[EventCountry "CZE"]
[SourceTitle "playchess.com"]
[Source "ChessBase"]
[SourceQuality "1"]
[TimeControl "40/5400+30:1800+30"]

1. Nf3 Nf6 2. g3 d5 3. Bg2 c6 4. O-O Bg4 5. Ne5 Bf5 6. d4 Nbd7 7. c4 e6 8. cxd5 exd5 9. Nc3 Bd6 10. Nd3 O-O 11. Bf4 Bxf4 12. Nxf4 Re8 13. e3 Ne4 14. Nxe4 Bxe4 15. f3 Bf5 16. Qd2 Nf8 17. Rae1 Ne6 18. Nxe6 Rxe6 19. g4 Bg6 20. f4 Be4 21. f5 Re8 22. Rf4 Bxg2 23. Kxg2 h5 24. gxh5 g6 1-0

[Event "FIDE CB Open 2022"]
[Site "Ceske Budejovice"]
[Date "2022.07.04"]
[Round "4.41"]
[White "Travnicek, Jaroslav"]
[Black "Hlavac, Rudolf"]
[Result "0-1"]
[ECO "B22"]
[WhiteElo "1730"]
[BlackElo "1931"]
[Annotator "NA"]
[PlyCount "72"]
[EventDate "2022.07.01"]
[EventType "swiss"]
[EventCountry "CZE"]
[SourceTitle "playchess.com"]
[Source "ChessBase"]
[SourceQuality "1"]
[TimeControl "40/5400+30:1800+30"]

1. e4 c5 2. c3 d5 3. exd5 Qxd5 4. d4 Nf6 5. Nf3 e6 6. Be2 Nc6 7. O-O cxd4 8. cxd4 Be7 9. Nc3 Qd6 10. Nb5 Qd8 11. Bf4 Nd5 12. Bg3 a6 13. Nc3 O-O 14. Qd2 b5 15. a3 Bb7 16. b4 Nxc3 17. Qxc3 Rc8 18. Qd3 Bf6 19. Rfd1 Ne7 20. Bf4 Ng6 21. Be3 Qd6 22. Rac1 Nf4 23. Bxf4 Qxf4 24. Qe3 Qe4 25. Qxe4 Bxe4 26. Kf1 Rfd8 27. Ke1 g6 28. Kf1 h5 29. Rc5 Be7 30. Rcc1 Kg7 31. Ke1 Bc2 32. Rd2 Bb3 33. Rb1 Bd5 34. Rdd1 Rc3 35. Ra1 Rxa3 36. Rab1 Ra4 0-1

[Event "FIDE CB Open 2022"]
[Site "Ceske Budejovice"]
[Date "2022.07.04"]
[Round "4.42"]
[White "Milovs, Daniels"]
[Black "Nagyova, Daniela"]
[Result "1/2-1/2"]
[ECO "C55"]
[WhiteElo "1926"]
[BlackElo "1712"]
[Annotator "NA"]
[PlyCount "69"]
[EventDate "2022.07.01"]
[EventType "swiss"]
[EventCountry "CZE"]
[SourceTitle "playchess.com"]
[Source "ChessBase"]
[SourceQuality "1"]
[TimeControl "40/5400+30:1800+30"]

1. e4 e5 2. Nf3 Nc6 3. Bc4 Nf6 4. d3 Be7 5. c3 O-O 6. O-O d5 7. exd5 Nxd5 8. Re1 Bg4 9. h3 Bh5 10. Nbd2 Nb6 11. Bb5 f6 12. Ne4 Kh8 13. Ng3 Be8 14. d4 exd4 15. Bxc6 Bxc6 16. Nxd4 Bd5 17. Ngf5 Bc5 18. Qg4 Rf7 19. Bf4 Bxd4 20. Nxd4 Qd7 21. Qxd7 Rxd7 22. b3 Bf7 23. Ne6 Bxe6 24. Rxe6 Kg8 25. c4 Rad8 26. Kf1 Nc8 27. Re2 Ne7 28. Ke1 Nc6 29. Rd2 Rxd2 30. Bxd2 Nd4 31. Rc1 c5 32. Be3 Kf7 33. f3 b6 34. Rc3 Ke6 35. Bd2 1/2-1/2

[Event "FIDE CB Open 2022"]
[Site "Ceske Budejovice"]
[Date "2022.07.04"]
[Round "4.43"]
[White "Stastna, Martina"]
[Black "Pavlis, Matej"]
[Result "*"]
[ECO "B40"]
[WhiteElo "1912"]
[BlackElo "1625"]
[Annotator "NA"]
[PlyCount "26"]
[EventDate "2022.07.01"]
[EventType "swiss"]
[EventCountry "CZE"]
[SourceTitle "playchess.com"]
[Source "ChessBase"]
[SourceQuality "1"]
[TimeControl "40/5400+30:1800+30"]

1. e4 c5 2. Nf3 e6 3. d4 cxd4 4. Nxd4 Nf6 5. Nd2 d6 6. g3 Nc6 7. N4f3 Be7 8. Bg2 Qc7 9. O-O O-O 10. c3 Rd8 11. Qe2 b6 12. Nb3 a6 13. Nfd4 h6 *

[Event "FIDE CB Open 2022"]
[Site "Ceske Budejovice"]
[Date "2022.07.04"]
[Round "4.44"]
[White "Vojtek, Pavel"]
[Black "Hradek, Matyas"]
[Result "0-1"]
[ECO "A36"]
[WhiteElo "1711"]
[BlackElo "1888"]
[Annotator "NA RC"]
[PlyCount "46"]
[EventDate "2022.07.01"]
[EventType "swiss"]
[EventCountry "CZE"]
[SourceTitle "playchess.com"]
[Source "ChessBase"]
[SourceQuality "1"]
[TimeControl "40/5400+30:1800+30"]

1. c4 c5 2. g3 g6 3. Bg2 Bg7 4. Nc3 Nc6 5. e3 d6 6. Nge2 e5 7. O-O Nge7 8. a3 Be6 9. Nd5 f5 10. Nec3 O-O 11. b4 e4 12. Rb1 cxb4 13. axb4 Ne5 14. Qb3 Rc8 15. Qa4 Nxc4 16. Nf4 Nb6 17. Qxa7 Bc4 18. b5 Ra8 19. Qxb7 Bxc3 20. dxc3 g5 21. Rb4 gxf4 22. Rxc4 Nxc4 23. g4 d5 0-1

[Event "FIDE CB Open 2022"]
[Site "Ceske Budejovice"]
[Date "2022.07.04"]
[Round "4.45"]
[White "Simunek, Jakub Simon"]
[Black "Hammel, Juergen"]
[Result "1-0"]
[ECO "C45"]
[WhiteElo "1887"]
[BlackElo "1650"]
[Annotator "NA RC"]
[PlyCount "91"]
[EventDate "2022.07.01"]
[EventType "swiss"]
[EventCountry "CZE"]
[SourceTitle "playchess.com"]
[Source "ChessBase"]
[SourceQuality "1"]
[TimeControl "40/5400+30:1800+30"]

1. e4 e5 2. Nf3 Nc6 3. d4 exd4 4. Nxd4 Nf6 5. Nxc6 bxc6 6. e5 Nd5 7. c4 Nb6 8. Bd3 d6 9. O-O Be7 10. Qh5 Be6 11. Be4 Qd7 12. Qf3 d5 13. cxd5 cxd5 14. Bd3 c6 15. Nc3 h6 16. a4 Bg4 17. Qg3 a5 18. h3 Bf5 19. b3 Bc5 20. Qxg7 O-O-O 21. Bxf5 Qxf5 22. Qg4 Qxg4 23. hxg4 Bd4 24. Bd2 Rdg8 25. Rac1 Kb7 26. Ne2 Rxg4 27. Nxd4 Rxd4 28. Bc3 Re4 29. e6 Rh7 30. exf7 Rxf7 31. Bxa5 Rfe7 32. Bd2 h5 33. a5 Nd7 34. a6+ Kb6 35. a7 Re8 36. Rfd1 c5 37. b4 d4 38. bxc5+ Nxc5 39. f3 R4e7 40. Ba5+ Kc6 41. Bb4 Re5 42. Rxd4 Kb6 43. Bxc5+ Rxc5 44. Rxc5 Kxc5 45. Ra4 Ra8 46. Kh2 1-0

[Event "FIDE CB Open 2022"]
[Site "Ceske Budejovice"]
[Date "2022.07.04"]
[Round "4.46"]
[White "Hladky, Mikulas"]
[Black "Shirinyan, Daniel"]
[Result "1/2-1/2"]
[ECO "B52"]
[WhiteElo "1549"]
[BlackElo "1876"]
[Annotator "NA RC"]
[PlyCount "44"]
[EventDate "2022.07.01"]
[EventType "swiss"]
[EventCountry "CZE"]
[SourceTitle "playchess.com"]
[Source "ChessBase"]
[SourceQuality "1"]
[TimeControl "40/5400+30:1800+30"]

1. e4 c5 2. Nf3 d6 3. Bb5+ Bd7 4. Bxd7+ Qxd7 5. O-O Nc6 6. Re1 g6 7. c3 Bg7 8. d4 b6 9. Bf4 Rd8 10. d5 Ne5 11. Bxe5 Bxe5 12. Nxe5 dxe5 13. c4 Nf6 14. Nc3 O-O 15. Qf3 Nh5 16. g3 Qc8 17. Nb5 Qb8 18. Qe3 Kg7 19. Rad1 a6 20. Nc3 Nf6 21. Kg2 h5 22. Qg5 Rfe8 1/2-1/2

[Event "FIDE CB Open 2022"]
[Site "Ceske Budejovice"]
[Date "2022.07.04"]
[Round "4.47"]
[White "Zednicek, Filip"]
[Black "Holub, Adam"]
[Result "0-1"]
[ECO "C56"]
[WhiteElo "1688"]
[BlackElo "1817"]
[Annotator "NA RC"]
[PlyCount "88"]
[EventDate "2022.07.01"]
[EventType "swiss"]
[EventCountry "CZE"]
[SourceTitle "playchess.com"]
[Source "ChessBase"]
[SourceQuality "1"]
[TimeControl "40/5400+30:1800+30"]

1. e4 e5 2. Nf3 Nc6 3. d4 exd4 4. Bc4 Nf6 5. e5 d5 6. Bb5 Ne4 7. Nxd4 Bc5 8. O-O O-O 9. Bxc6 bxc6 10. f3 Ng5 11. f4 Ne4 12. Be3 Bb6 13. Nc3 c5 14. Nb3 Nxc3 15. bxc3 c4 16. Nd4 Qe7 17. Qd2 Bd7 18. Rae1 Rad8 19. f5 c5 20. Bg5 cxd4 21. Bxe7 dxc3+ 22. Qf2 Bxf2+ 23. Rxf2 Ba4 24. Bxf8 Kxf8 25. e6 Ke7 26. exf7+ Kxf7 27. Rb1 d4 28. Rb4 d3 29. Rxa4 d2 30. Rxa7+ Kf6 31. Rf1 d1=Q 32. Rxd1 Rxd1+ 33. Kf2 Rd2+ 34. Kf3 Rxc2 35. Rc7 Rxa2 36. Rxc4 Rc2 37. g4 Rxh2 38. Kf4 Rc2 39. g5+ Ke7 40. Ke3 Rc1 41. Rc7+ Kd6 42. Rxg7 Rd1 43. Rxh7 c2 44. Rh6+ Kd5 0-1

[Event "FIDE CB Open 2022"]
[Site "Ceske Budejovice"]
[Date "2022.07.04"]
[Round "4.48"]
[White "Rybacek, Martin"]
[Black "Steinbauer, Sebastian"]
[Result "0-1"]
[ECO "B33"]
[WhiteElo "1650"]
[BlackElo "1808"]
[Annotator "NA RC"]
[PlyCount "56"]
[EventDate "2022.07.01"]
[EventType "swiss"]
[EventCountry "CZE"]
[SourceTitle "playchess.com"]
[Source "ChessBase"]
[SourceQuality "1"]
[TimeControl "40/5400+30:1800+30"]

1. d4 c5 2. Nf3 cxd4 3. Nxd4 e5 4. Nf3 Nc6 5. e4 Nf6 6. Nc3 Bc5 7. Bg5 Qb6 8. Be3 Bxe3 9. fxe3 Qxb2 10. Nb5 O-O 11. Bd3 Qb4+ 12. Qd2 Qxd2+ 13. Kxd2 Ne8 14. Bc4 a6 15. Nc3 Nd6 16. Bd5 Re8 17. Rhf1 h6 18. Nh4 Ne7 19. Bb3 b5 20. Rf2 b4 21. Nd5 Nxe4+ 22. Ke2 Nxd5 23. Bxd5 Nc3+ 24. Kd3 Nxd5 25. Raf1 f6 26. Nf5 d6 27. Nxd6 Rd8 28. Rd2 Rxd6 0-1

[Event "FIDE CB Open 2022"]
[Site "Ceske Budejovice"]
[Date "2022.07.04"]
[Round "4.49"]
[White "Pisar, Tomas"]
[Black "Petirova, Iva"]
[Result "0-1"]
[ECO "A62"]
[WhiteElo "1640"]
[BlackElo "1722"]
[Annotator "NA RC"]
[PlyCount "80"]
[EventDate "2022.07.01"]
[EventType "swiss"]
[EventCountry "CZE"]
[SourceTitle "playchess.com"]
[Source "ChessBase"]
[SourceQuality "1"]
[TimeControl "40/5400+30:1800+30"]

1. d4 Nf6 2. c4 c5 3. d5 e6 4. Nc3 g6 5. Nf3 Bg7 6. g3 O-O 7. Bg2 exd5 8. cxd5 d6 9. O-O Re8 10. Nd2 Bd7 11. Nc4 Bf5 12. Bf4 Qd7 13. Nxd6 Bh3 14. Nxe8 Nxe8 15. Qa4 Qxa4 16. Nxa4 Bxg2 17. Kxg2 Nd7 18. Rac1 Rc8 19. b3 Nef6 20. Rfd1 a6 21. Nxc5 Rxc5 22. Rxc5 Nxc5 23. d6 Nfd7 24. b4 Ne6 25. a4 f5 26. b5 axb5 27. axb5 Nxf4+ 28. gxf4 Kf7 29. f3 Ke6 30. e4 fxe4 31. fxe4 Bf8 32. e5 Bh6 33. Kf3 g5 34. fxg5 Bxg5 35. Ke4 Nxe5 36. Rd5 Bf6 37. h3 h6 38. Rd1 Bg5 39. Ra1 Kxd6 40. Ra8 Nd7 0-1

[Event "FIDE CB Open 2022"]
[Site "Ceske Budejovice"]
[Date "2022.07.04"]
[Round "4.50"]
[White "Schmied, Eva-Maria"]
[Black "Jilek, Marcel"]
[Result "1/2-1/2"]
[ECO "B01"]
[WhiteElo "1718"]
[BlackElo "1565"]
[Annotator "NA RC"]
[PlyCount "55"]
[EventDate "2022.07.01"]
[EventType "swiss"]
[EventCountry "CZE"]
[SourceTitle "playchess.com"]
[Source "ChessBase"]
[SourceQuality "1"]
[TimeControl "40/5400+30:1800+30"]

1. e4 d5 2. exd5 Nf6 3. d4 Nxd5 4. Nf3 Bg4 5. Be2 e6 6. O-O Bd6 7. Bg5 f6 8. Bh4 g5 9. Bg3 Bxg3 10. fxg3 Ne3 11. Qd3 Nxf1 12. Qb5+ Nc6 13. Kxf1 Qc8 14. c4 a6 15. Qa4 Qd7 16. Nbd2 O-O-O 17. Ne4 Nxd4 18. Qxd7+ Rxd7 19. Nxf6 Bxf3 20. gxf3 Rf7 21. Ne4 Nxf3 22. Kg2 Nd4 23. Bg4 h6 24. Rd1 Nf5 25. Re1 Kd8 26. Nc5 h5 27. Nxe6+ Kc8 28. Nxg5 1/2-1/2

[Event "FIDE CB Open 2022"]
[Site "Ceske Budejovice"]
[Date "2022.07.04"]
[Round "4.51"]
[White "Svejda, Karel"]
[Black "Rybackova, Lucie"]
[Result "1/2-1/2"]
[ECO "D03"]
[WhiteElo "1619"]
[BlackElo "1696"]
[Annotator "NA RC"]
[PlyCount "77"]
[EventDate "2022.07.01"]
[EventType "swiss"]
[EventCountry "CZE"]
[SourceTitle "playchess.com"]
[Source "ChessBase"]
[SourceQuality "1"]
[TimeControl "40/5400+30:1800+30"]

1. d4 Nf6 2. Nf3 g6 3. Bg5 Bg7 4. Nbd2 d5 5. c3 O-O 6. e3 c5 7. Be2 b6 8. O-O Nc6 9. Rb1 Bf5 10. Rc1 h6 11. Bh4 Qd7 12. Bb5 Qb7 13. Ba4 Rfc8 14. Bc2 Qd7 15. h3 Bxc2 16. Qxc2 Qf5 17. Qxf5 gxf5 18. Bg3 Ne4 19. Nxe4 fxe4 20. Nd2 cxd4 21. exd4 h5 22. Rcd1 Na5 23. Bf4 Nc4 24. Nxc4 Rxc4 25. f3 f5 26. Rf2 b5 27. Bg5 b4 28. Bxe7 bxc3 29. bxc3 Rxc3 30. fxe4 fxe4 31. Rf5 Rd3 32. Rxd3 exd3 33. Rf3 Bxd4+ 34. Kf1 d2 35. Rd3 Bc3 36. Bg5 Rf8+ 37. Kg1 d1=Q+ 38. Rxd1 d4 39. Rd3 1/2-1/2

[Event "FIDE CB Open 2022"]
[Site "Ceske Budejovice"]
[Date "2022.07.04"]
[Round "4.52"]
[White "Almaini, Aishah Sarhan"]
[Black "Svoboda, Petr"]
[Result "1/2-1/2"]
[ECO "A57"]
[WhiteElo "1615"]
[BlackElo "2088"]
[Annotator "RC"]
[PlyCount "136"]
[EventDate "2022.07.01"]
[EventType "swiss"]
[EventCountry "CZE"]
[SourceTitle "playchess.com"]
[Source "ChessBase"]
[SourceQuality "1"]
[TimeControl "40/5400+30:1800+30"]

1. d4 Nf6 2. c4 c5 3. d5 b5 4. a4 Qa5+ 5. Qd2 Qxd2+ 6. Nxd2 bxc4 7. e4 Ba6 8. f3 c3 9. bxc3 Bxf1 10. Kxf1 e6 11. c4 Na6 12. Ne2 d6 13. Nc3 Nb4 14. Rb1 Be7 15. Ba3 Nc2 16. Bb2 Kd7 17. Kf2 Rhb8 18. Rhc1 Nb4 19. Ke2 Ne8 20. Ba1 h5 21. g3 g5 22. h3 Ng7 23. Rf1 Nc2 24. Bb2 Bf6 25. Rfc1 Nb4 26. Ba1 Be5 27. Nb5 Bxa1 28. Rxa1 exd5 29. cxd5 a6 30. Nc3 Re8 31. Nc4 Kc7 32. Kd2 f5 33. Re1 g4 34. hxg4 fxe4 35. fxe4 hxg4 36. Rh1 Rh8 37. Raf1 Raf8 38. Rxh8 Rxf1 39. Rh7 Rf2+ 40. Ne2 Rf7 41. Nf4 Rd7 42. Rh4 Kd8 43. Rxg4 Ne8 44. Ne6+ Ke7 45. Rf4 Nf6 46. g4 Nbxd5 47. exd5 Nxd5 48. Re4 Nf6 49. Re1 Kf7 50. g5 Ng4 51. g6+ Kf6 52. g7 Nh6 53. Rh1 Ng8 54. Nb6 Rb7 55. Rh8 Kxe6 56. Rxg8 Kf6 57. Nd5+ Kg6 58. Rd8 Kxg7 59. Rxd6 Kf7 60. Rxa6 Rd7 61. Kc3 Rxd5 62. Kc4 Rh5 63. Rc6 Rh4+ 64. Kb5 Rb4+ 65. Ka5 Rc4 66. Rc7+ Ke6 67. Kb5 Rb4+ 68. Kxc5 Rxa4 1/2-1/2

[Event "FIDE CB Open 2022"]
[Site "Ceske Budejovice"]
[Date "2022.07.04"]
[Round "4.53"]
[White "Kukacka, Ladislav"]
[Black "Svoboda, Daniel"]
[Result "0-1"]
[ECO "A08"]
[WhiteElo "1555"]
[BlackElo "1679"]
[Annotator "NA RC"]
[PlyCount "42"]
[EventDate "2022.07.01"]
[EventType "swiss"]
[EventCountry "CZE"]
[SourceTitle "playchess.com"]
[Source "ChessBase"]
[SourceQuality "1"]
[TimeControl "40/5400+30:1800+30"]

1. Nf3 c5 2. g3 d5 3. Bg2 Nf6 4. O-O g6 5. d3 Bg7 6. Nbd2 O-O 7. c4 Nc6 8. e3 e5 9. Qc2 Nb4 10. Qb1 dxc4 11. dxc4 Nc6 12. e4 b6 13. Nxe5 Nxe5 14. f4 Neg4 15. e5 Bf5 16. exf6 Bxb1 17. fxg7 Re8 18. Rxb1 Qd4+ 19. Kh1 Nf2+ 20. Rxf2 Qxf2 21. h4 Re2 0-1

[Event "FIDE CB Open 2022"]
[Site "Ceske Budejovice"]
[Date "2022.07.04"]
[Round "4.54"]
[White "Jodas, Daniel"]
[Black "Krejci, Vera Marie"]
[Result "0-1"]
[ECO "C01"]
[WhiteElo "1614"]
[BlackElo "1554"]
[Annotator "NA RC"]
[PlyCount "82"]
[EventDate "2022.07.01"]
[EventType "swiss"]
[EventCountry "CZE"]
[SourceTitle "playchess.com"]
[Source "ChessBase"]
[SourceQuality "1"]
[TimeControl "40/5400+30:1800+30"]

1. e4 e6 2. d4 d5 3. exd5 exd5 4. Nf3 Bd6 5. Bd3 Ne7 6. O-O O-O 7. c3 Bf5 8. Bg5 Bxd3 9. Qxd3 c6 10. Nbd2 h6 11. Bh4 Qc7 12. Rfe1 Ng6 13. Bg3 Nd7 14. Bxd6 Qxd6 15. Qf5 Rae8 16. h4 Nf6 17. g3 Qd7 18. Qxd7 Nxd7 19. h5 Ne7 20. g4 Nc8 21. Ne5 Nf6 22. Re2 Nxg4 23. Rae1 Nf6 24. Nb3 Nxh5 25. Nc5 Re7 26. Ned7 Rxe2 27. Rxe2 Rd8 28. Ne5 Nd6 29. Re3 Nf6 30. f3 Nh7 31. a4 Nf8 32. a5 a6 33. b4 f6 34. Nxc6 bxc6 35. Nxa6 Kf7 36. Re1 Nb5 37. Nc5 Nd7 38. Nb7 Rb8 39. a6 Ra8 40. Ra1 Nb8 41. a7 Rxa7 0-1

[Event "FIDE CB Open 2022"]
[Site "Ceske Budejovice"]
[Date "2022.07.04"]
[Round "4.55"]
[White "Smola, David"]
[Black "Huemer, Gerald"]
[Result "1-0"]
[ECO "B84"]
[WhiteElo "1609"]
[BlackElo "1627"]
[Annotator "NA RC"]
[PlyCount "43"]
[EventDate "2022.07.01"]
[EventType "swiss"]
[EventCountry "CZE"]
[SourceTitle "playchess.com"]
[Source "ChessBase"]
[SourceQuality "1"]
[TimeControl "40/5400+30:1800+30"]

1. e4 c5 2. Nf3 d6 3. d4 cxd4 4. Nxd4 a6 5. Be3 Nf6 6. Nc3 e6 7. Be2 Be7 8. Qd2 Nbd7 9. O-O O-O 10. f3 b6 11. Nc6 Qe8 12. Rad1 d5 13. exd5 exd5 14. Nxe7+ Qxe7 15. Rfe1 Bb7 16. Bd3 Nc5 17. Qf2 Rac8 18. Bg5 Qd6 19. Bf5 Nfd7 20. Be7 Qf4 21. Bxd7 Nxd7 22. Bxf8 1-0

[Event "FIDE CB Open 2022"]
[Site "Ceske Budejovice"]
[Date "2022.07.05"]
[Round "5.1"]
[White "Roshka, Yevgeniy"]
[Black "Domalchuk-Jonasson, Aleksandr"]
[Result "1-0"]
[ECO "C00"]
[WhiteElo "2497"]
[BlackElo "2244"]
[Annotator "TA"]
[PlyCount "119"]
[EventDate "2022.07.01"]
[EventType "swiss"]
[EventCountry "CZE"]
[SourceTitle "playchess.com"]
[Source "ChessBase"]
[SourceQuality "1"]
[TimeControl "40/5400+30:1800+30"]

1. Nf3 d5 2. g3 e6 3. Bg2 Nf6 4. O-O Be7 5. d3 c5 6. Nbd2 Nc6 7. e4 b6 8. Re1 Bb7 9. c3 Qc7 10. a3 dxe4 11. dxe4 O-O {[%emt 0:00:38] C00: French: Unusual White 2nd moves.} 12. Nc4 {[%emt 0:04:53] [#]} Rfd8 $146 ({Predecessor:} 12... Rad8 13. Qb3 Qc8 14. e5 Ne8 15. Bg5 h6 16. Bxe7 Nxe7 17. Rad1 Bd5 18. Qa4 Qb8 19. Ne3 {1-0 (53) Gukesh,D (2453)-Diermair,A (2501) Trieste 2018}) 13. Qb3 h6 {[%emt 0:16:35] The position is equal.} 14. a4 Ba6 15. Bf4 Bxc4 16. Qxc4 e5 17. Be3 Na5 18. Qe2 Ng4 19. c4 ({White should play} 19. Rad1 $11) 19... Qd7 $2 {[%emt 0:07:22] [#]} (19... Nxe3 $15 {stays ahead.} 20. fxe3 Rab8) 20. Bh3 $1 $16 f5 (20... h5 $16) 21. Red1 (21. exf5 $18 h5 22. Bxg4 hxg4 23. Nxe5 Qxf5 24. Nxg4) 21... Qb7 22. exf5 Nxe3 23. Qxe3 Nxc4 (23... e4 $16) 24. Qe2 $36 {[%emt 0:02:47][%mdl 2048] White is really pushing.} Kh8 25. Bg2 ({Weaker is} 25. Nxe5 Nxe5 26. Qxe5 Bf6 $14) 25... e4 26. Nh4 Rxd1+ 27. Rxd1 Bxh4 28. Qxc4 ({Don't play} 28. gxh4 $6 Na5 $16) 28... Rd8 29. Rxd8+ Bxd8 30. Bxe4 {[%emt 0:00:06][%mdl 4096] Endgame KQB-KQB} Qd7 31. Kg2 Bf6 32. b3 Kh7 33. h4 Kh8 34. Qe2 Qe7 35. Qf3 Bd4 36. Bd5 {[%emt 0:00:22] And now Bc4 would win.} Kh7 (36... Bf6 $142 37. Be6 Qc7 38. Qa8+ Bd8) 37. Be6 {[%emt 0:00:20] [#] White threatens Qa8 and mate.} Qd8 {[%emt 0:01:49] Inhibits Qa8.} 38. Qb7 {[%emt 0:01:36] Inhibits Qb8.} a5 $2 (38... Kh8 39. Qxa7 Bc3) 39. Bd5 {[%emt 0:01:08] Threatens to win with Qf7.} Bf6 $2 (39... c4 40. bxc4 Bf6) 40. Qf7 Kh8 41. Kh3 Be7 42. f4 Qf8 43. Qe6 Bd6 44. Kg4 {[%emt 0:00:00] Kf3 is the strong threat.} Qd8 $2 (44... c4 45. bxc4 Bc5) 45. Kf3 Be7 46. Ke4 Bf6 $2 (46... Bd6 47. g4 Qe7) 47. Kd3 c4+ 48. bxc4 Kh7 $2 (48... Qf8 $18 49. Qxb6 Bd8) 49. Qf7 Kh8 50. g4 Be7 51. g5 Qf8 52. Qg6 Bd8 53. Ke2 {[%emt 0:00:00] Intending Kf3 and mate.} Qe7+ 54. Be6 (54. Kf3 $142 Qa3+ 55. Kg4 Qf8 56. Be4 Kg8 57. f6 Be7 58. Qh7+ Kf7 59. Bd5+ Ke8 60. fxg7) 54... Bc7 55. Kf1 {[%emt 0:12:51] White mates.} Qd8 56. Bd5 Bxf4 57. f6 Qf8 58. fxg7+ Qxg7 59. Qe8+ Kh7 60. Be4+ {[%emt 0:00:01] Weighted Error Value: White=0.28 (precise) /Black=0.73} 1-0

[Event "FIDE CB Open 2022"]
[Site "Ceske Budejovice"]
[Date "2022.07.05"]
[Round "5.2"]
[White "Hrbek, Stepan"]
[Black "Neuman, Petr"]
[Result "1/2-1/2"]
[ECO "D15"]
[WhiteElo "2272"]
[BlackElo "2378"]
[Annotator "TA"]
[PlyCount "103"]
[EventDate "2022.07.01"]
[EventType "swiss"]
[EventCountry "CZE"]
[SourceTitle "playchess.com"]
[Source "ChessBase"]
[SourceQuality "1"]
[TimeControl "40/5400+30:1800+30"]

1. c4 c6 2. Nf3 d5 3. e3 Nf6 4. Nc3 a6 5. d4 Bf5 6. Ne5 {[%emt 0:00:22] D15: Slav Defence: 4 Nc3 a6 and gambit lines after 4 Nc3 dxc4.} Nbd7 7. Qb3 Qc7 8. cxd5 {[%emt 0:00:19] White is slightly better.} Nxe5 9. dxe5 Nxd5 10. Nxd5 cxd5 11. Bd2 e6 12. Be2 (12. Rc1 $5 Qd7 13. Be2 $11) 12... Be7 13. Rc1 Qd7 14. Ba5 {[%emt 0:00:33] Rc7 is the strong threat.} Rc8 {[%emt 0:00:22] Against Rc7} 15. Rxc8+ Qxc8 16. Kd2 {[%emt 0:02:23] [#] Inhibits Qc1+. aiming for Rc1.} O-O 17. Rc1 Qa8 18. Bb4 Bxb4+ 19. Qxb4 Rc8 {[%emt 0:00:07] Prevents Rc7.} 20. Rc5 {[%emt 0:19:14] [#]} h6 $146 ({Predecessor:} 20... Rxc5 21. Qxc5 Qd8 22. a4 a5 23. g4 Bg6 24. h4 h5 25. g5 b6 26. Qc6 Kh7 {0-1 (46) Navara,D (2700)-Malakhov,V (2717) Riga 2014}) 21. Qc3 Rxc5 22. Qxc5 $11 {[%emt 0:00:12][%mdl 4096] Endgame KQB-KQB} Qd8 23. g3 {[%emt 0:02:51] Against Qh4} f6 24. exf6 gxf6 25. Bd3 Bxd3 26. Kxd3 {[%emt 0:00:22] KQ-KQ} Qd7 27. b3 Kf7 28. f4 h5 29. a4 Kg7 30. Kd4 Kf7 31. Kd3 Kg7 32. Kd4 Kf7 33. h3 Kg7 34. g4 hxg4 35. hxg4 Qd8 36. e4 dxe4+ 37. Kxe4 Qd7 38. g5 Kg6 39. gxf6 Kxf6 40. a5 Qh7+ 41. Kd4 {[%emt 0:31:16] [#] White wants to mate with Qe5+.} Qd7+ 42. Kc4 Qd2 43. Qd4+ Qxd4+ 44. Kxd4 {[%emt 0:00:00] Threatening mate with Kc5. K3P-K3P} Kf5 {[%emt 0:00:00] The position is equal.} 45. Ke3 e5 46. fxe5 Kxe5 {[%emt 0:00:00] KPP-KPP} 47. Kd3 Kd5 48. b4 Kc6 49. Kc4 b6 50. axb6 Kxb6 51. Kb3 a5 52. bxa5+ {[%emt 0:00:00] Weighted Error Value: White=0.04 (flawless) /Black=0.03 (flawless)} 1/2-1/2